Map: Overgrowth LE (Void)

Players

Stephano

  • Race: Zerg Zerg
  • Spawn Location: 7:00

Mvp - Winner!

  • Race: Terran Terran
  • Spawn Location: 1:00

Event: Gamers8 2023

VOD

Have the link to the VOD?

Description

Time

  • Played on: Aug. 5, 2023, 7:45 a.m.
  • Length: 10:40

All games in this series

Show
View Real Time Build Order
Export as new Build Order

Stephano Zerg 

Build Orders: Hatch First 

Get SALT Encoding   

  12  0:00  Drone  
  13  0:12  Overlord  
  13  0:17  Drone  
  14  0:30  Drone x2  
  16  0:46  Hatchery  
  15  0:50  Drone  
  15  0:54  Drone  
  17  0:57  Drone  
  18  1:08  Extractor  
  17  1:11  Spawning Pool  
  17  1:15  Drone  
  17  1:18  Drone  
  18  1:27  Drone  
  19  1:38  Drone  
  20  1:49  Drone  
  21  1:58  Queen x2  
  21  1:59  Zergling x2  
  21  2:00  Zergling x2  
  27  2:09  Drone  
  27  2:10  Overlord  
  28  2:19  Hatchery  
  27  2:23  Drone  
  28  2:31  Drone x2  
  28  2:33  Drone  
  31  2:37  Queen  
  33  2:46  Overlord  
  33  2:47  Drone  
  33  2:49  Metabolic Boost  
  34  2:54  Drone x2  
  36  3:05  Drone x2  
  38  3:13  Drone x2  
  38  3:14  Drone  
  38  3:15  Overlord  
  38  3:16  Queen  
  43  3:23  Drone  
  44  3:35  Zergling x4  
  44  3:36  Zergling x2, Drone  
  44  3:37  Queen x2  
  44  3:40  Drone  
  53  3:43  Overlord  
  53  3:46  Drone x3  
  56  3:51  Drone x2  
  58  4:01  Overlord  
  58  4:02  Drone x4  
  62  4:07  Drone  
  63  4:14  Zergling x4  
  63  4:15  Drone  
  63  4:17  Overlord x2  
  66  4:30  Overlord  
  66  4:33  Spore Crawler x2  
  66  4:35  Drone x2  
  66  4:40  Zergling x2  
  66  4:41  Zergling x6  
  70  4:45  Evolution Chamber  
  70  4:46  Drone x3  
  70  4:47  Evolution Chamber  
  70  4:52  Drone x4  
  74  4:53  Drone x2  
  74  4:56  Queen x2  
  80  5:00  Drone x6  
  86  5:11  Extractor  
  86  5:12  Extractor, Zerg Ground Armor Level 1  
  86  5:13  Zerg Melee Weapons Level 1  
  84  5:18  Hatchery  
  83  5:30  Drone  
  83  5:33  Drone x3  
  83  5:35  Extractor  
  86  5:36  Extractor, Spore Crawler  
  86  5:37  Lair  
  86  5:39  Drone  
  86  5:40  Baneling Nest, Drone x6  
  90  5:51  Overlord x4  
  89  6:09  Zergling x20  
  99  6:13  Hatchery  
  98  6:21  Zergling x16  
  106  6:27  Baneling x4  
  105  6:39  Drone x5  
  110  6:46  Infestation Pit  
  109  6:47  Drone x10  
  109  6:48  Drone  
  119  6:59  Centrifugal Hooks  
  119  7:00  Overlord x2  
  119  7:05  Hatchery, Baneling x5  
  118  7:09  Hatchery  
  118  7:10  Spore Crawler  
  118  7:12  Spine Crawler  
  114  7:19  Zerg Melee Weapons Level 2  
  114  7:20  Zerg Ground Armor Level 2  
  114  7:22  Hive  
  114  7:23  Drone x3  
  114  7:24  Extractor  
  115  7:30  Baneling  
  115  7:31  Baneling, Zergling x18  
  124  7:40  Drone x4  
  124  7:42  Extractor, Drone x8  
  135  7:54  Overlord  
  135  7:55  Overlord x3  
  126  8:13  Zergling x20  
  126  8:14  Zergling x20  
  145  8:23  Drone  
  145  8:24  Drone x3  
  149  8:34  Ultralisk Cavern, Overlord  
  148  8:36  Baneling  
  148  8:37  Baneling x14  
  148  8:40  Zergling x34  
  163  8:45  Zergling x8  
  165  8:57  Zergling x20  
  165  9:00  Baneling x11  
  152  9:10  Zergling x22  
  152  9:12  Baneling x7  
  153  9:19  Zergling x12  
  146  9:25  Overlord x2  
  128  9:35  Ultralisk x3  
  117  9:39  Ultralisk x2  
  117  9:45  Ultralisk  
  123  9:46  Zergling x18  
  122  9:58  Spawning Pool  
  119  10:00  Overlord x3  
  110  10:15  Overlord  
Show
View Real Time Build Order
Export as new Build Order

Mvp Terran - Winner!

Build Orders: Reaper Expand, Hellion Banshee, Mech 

Get SALT Encoding   

  12  0:00  SCV  
  13  0:12  SCV  
  14  0:17  Supply Depot  
  14  0:24  SCV  
  15  0:38  SCV  
  15  0:40  Barracks  
  16  0:43  Refinery  
  16  0:50  SCV  
  17  1:03  SCV  
  18  1:15  SCV  
  19  1:27  Orbital Command  
  19  1:28  Reaper  
  20  1:37  Command Center  
  20  1:48  Supply Depot  
  20  1:52  SCV  
  21  1:59  Marine  
  22  2:05  SCV  
  23  2:12  Factory  
  23  2:17  SCV  
  24  2:22  Barracks Reactor  
  24  2:29  SCV  
  25  2:39  Command Center  
  25  2:42  SCV  
  26  2:48  Orbital Command  
  26  2:54  SCV  
  27  3:02  Starport  
  27  3:06  SCV  
  27  3:09  Barracks Tech Lab  
  28  3:13  Hellion x2  
  28  3:15  Refinery  
  28  3:18  SCV  
  28  3:19  SCV  
  34  3:31  SCV x2  
  36  3:43  SCV x2  
  36  3:45  Refinery  
  36  3:46  Refinery  
  36  3:47  Supply Depot  
  38  3:53  Orbital Command, Banshee  
  38  3:55  SCV x2  
  42  4:01  Barracks Tech Lab  
  43  4:06  Hellion x2  
  43  4:07  SCV  
  43  4:08  SCV  
  49  4:19  SCV  
  49  4:20  SCV  
  51  4:31  Hellion x2, SCV  
  55  4:32  Barracks Reactor, SCV  
  55  4:35  Orbital Command  
  56  4:40  Factory  
  56  4:43  SCV  
  56  4:44  SCV  
  58  4:46  Factory  
  58  4:52  Factory, Supply Depot  
  58  4:56  SCV x2  
  60  5:03  Starport Tech Lab  
  60  5:04  Hellion x2  
  60  5:05  Factory, SCV  
  65  5:08  SCV x2  
  67  5:17  SCV  
  67  5:20  SCV x2  
  70  5:29  SCV  
  70  5:31  Siege Tank x2, Supply Depot  
  70  5:34  Supply Depot  
  77  5:42  Refinery, Armory  
  77  5:44  Refinery  
  77  5:47  Factory  
  77  5:49  Factory  
  77  5:52  Hellion x2, SCV x3, Supply Depot  
  86  5:57  Hellion x2  
  88  6:07  SCV x3  
  91  6:15  Supply Depot  
  91  6:16  Supply Depot  
  91  6:17  Supply Depot x2  
  91  6:19  Siege Tank  
  91  6:20  Siege Tank x2  
  91  6:25  SCV, Supply Depot  
  101  6:37  SCV x2  
  103  6:44  SCV  
  103  6:47  Factory Tech Lab  
  103  6:48  Factory Reactor  
  103  6:49  SCV  
  103  6:51  Hellbat, Thor x2  
  103  6:52  Hellbat x3, SCV  
  125  6:55  Terran Vehicle Weapons Level 1  
  125  7:01  Supply Depot  
  125  7:02  Supply Depot x2  
  125  7:04  Infernal Pre-Igniter  
  125  7:07  Medivac  
  127  7:16  Hellbat x4  
  127  7:21  Thor  
  140  7:26  Thor  
  146  7:35  Siege Tank  
  146  7:37  Hellbat x2  
  153  7:38  Hellbat x2  
  153  7:40  Hellbat  
  153  7:43  Supply Depot  
  159  7:44  Supply Depot  
  159  7:45  Supply Depot  
  159  7:49  Siege Tank, Hellbat  
  164  7:57  Supply Depot  
  164  7:58  Barracks Reactor  
  164  8:04  Medivac, Hellbat x3  
  172  8:06  Hellbat x2  
  170  8:14  Siege Tank x2  
  170  8:15  Siege Tank  
  170  8:18  Supply Depot  
  169  8:20  Supply Depot  
  169  8:26  Hellbat x3  
  175  8:27  Hellbat  
  177  8:36  Hellbat x2  
  177  8:37  Siege Tank  
  184  8:46  Siege Tank  
  187  8:54  Siege Tank x2  
  187  8:55  Hellbat x3  
  197  9:05  Hellbat  
  197  9:09  Siege Tank  
  180  9:10  Hellbat x2  
  176  9:18  Siege Tank  
  176  9:19  Hellbat  
  176  9:20  Hellbat x2  
  163  9:31  Hellbat  
  163  9:33  Siege Tank x2, Hellbat x2  
  158  9:41  Siege Tank  
  158  9:45  Hellbat x3  
  162  9:51  Hellbat  
  164  9:58  Hellbat x2  
  164  9:59  Hellbat  
  170  10:06  Hellbat  
  172  10:12  Command Center  
  173  10:14  Hellbat x2  
  173  10:17  Hellbat x2  
Tags
 
Add a new tag
Caveats
  • Supply blocks, unpowered buildings, or Contaminate may cause inaccurate times.
  • Supply counts are checked every 10 seconds.